 Dungeon Crawl Stone Soup version bcrawl-1.38.1 (webtiles) character file.

Game seed: 5095832932713270645

102027 MisterOstroum the Ducker (level 3, -2/26 HPs)
             Began as a Fairy Fighter on Apr 12, 2023.
             Killed from afar by an orc wizard (6 damage)
             ... with a magic dart
             ... on level 3 of the Dungeon.
             The game lasted 00:02:02 (1829 turns).

MisterOstroum the Ducker (Fairy Fighter)            Turns: 1829, Time: 00:02:03

Health: -2/26      AC:  5    Str: 14    XL:     3   Next: 83%
Magic:  5/5        EV: 17    Int: 11    God:
Gold:   72         SH:  4    Dex: 12    Spells: 2/2 levels left

rFire    . . .     GDR:     24% a - +0 rapier
rCold    . . .     SeeInvis .   (shield restricted)
rNeg     . . .     Gourm    .   (armour unavailable)
rPois    .         Faith    .   (no helmet)
rElec    .         Spirit   .   (no cloak)
rCorr    .         Reflect  .   (no gloves)
MR       .....                  k - +0 pair of boots
Stlth    ..........             (no amulet)
HPRegen  0.14/turn              (no ring)
MPRegen  0.09/turn              (no ring)

@: flying evasively
A: small, magic attunement, unstealthy, unfitting armour, able to fly, AC/SH +4
a: Stop Flying


You were on level 3 of the Dungeon.
You were hungry.

You visited 1 branch of the dungeon, and saw 3 of its levels.

You collected 72 gold pieces.

Inventory:

Hand Weapons
 a - a +0 rapier (weapon)
 b - a +0 hunting sling of flaming
Missiles
 d - 269 bolts
 f - 676 stones (quivered)
 m - 388 sling bullets
Armour
 k - a +0 pair of boots (worn)
 r - a +0 medium shield
Scrolls
 h - a scroll of teleportation {unknown}
 i - 2 scrolls of identify {@r1}
 j - 2 scrolls of fear {unknown}
 n - a scroll of amnesia {unknown}
 o - 2 scrolls of magic mapping {unknown}
 p - a scroll of fog {unknown}
 t - a scroll of enchant armour {unknown}
 u - a scroll of enchant weapon {unknown}
Potions
 c - 2 potions of might {@q3 !q}
 g - 2 potions of mutation {unknown}
 l - a potion of curing {unknown}
 q - a potion of brilliance {unknown}
 s - a potion of haste {unknown}
Comestibles
 e - 6 rations {!d}


   Skills:
 + Level 3.2 Fighting
 * Level 3.5 Short Blades
 - Level 4.0 Dodging
 - Level 3.6 Shields


You had 2 spell levels left.
You didn't know any spells.
Your spell library was empty.

Dungeon Overview and Level Annotations

Branches:
Dungeon (3/12)

Altars:


Innate Abilities, Weirdness & Mutations

Your spells do not cause hunger and MP costs are reduced by 1.
Your bright wings attract enemies. (Stealth-)
You cannot fit into any form of body armour.
Your shimmering scales are hard and can block incoming attacks. (AC +4, SH +4)
You are small and have problems with some larger weapons.
You can fly continuously.


Message History

You shoot a stone. The stone barely misses the orc wizard.
The stone hits the orc but does no damage.
The orc wizard mumbles some strange words.
The orc wizard flickers and vanishes!
Deactivating autopickup; reactivate with Ctrl-A.
Firing (i - inventory. (/) - cycle)
f - 680 stones (quivered)
Press: ? - help, Shift-Dir - straight line, f - orc
Aim: an orc, wielding a +0 club and wearing a cursed +0 scale mail You shoot a stone.
The stone closely misses the orc wizard.
Unknown command.
Firing (i - inventory. (/) - cycle)
f - 679 stones (quivered)
Press: ? - help, Shift-Dir - straight line, f/p - orc wizard
Aim: an orc wizard, wielding a +0 dagger of flaming and wearing a +0 robe You shoot a stone.
The stone barely misses the orc wizard.
The orc wizard gestures wildly while chanting.
The orc wizard blinks!
Firing (i - inventory. (/) - cycle)
f - 678 stones (quivered)
Press: ? - help, Shift-Dir - straight line, f - orc
Aim: an orc, wielding a +0 club and wearing a cursed +0 scale mail You shoot a stone.
Something hits you but does no damage.
Firing (i - inventory. (/) - cycle)
f - 677 stones (quivered)
Press: ? - help, Shift-Dir - straight line, f/p - orc
Aim: an orc, wielding a +0 club and wearing a cursed +0 scale mail You shoot a stone.
Something hits you but does no damage.
Your +0 hunting sling of flaming stops flaming.
a - a +0 rapier (weapon)
You hear some strange, mumbled words.
Something tries to affect you, but you resist.
You are feeling hungry.
You hit something.
The orc wizard mumbles some strange words.
The orc wizard blinks!
Something hits you but does no damage.
You hit something but do no damage. Something barely misses you.
You closely miss something. Something hits you.
You hit something. You closely miss something.
Something hits you but does no damage.
You hit something.
You hear some strange, mumbled words.
A magic dart appears from out of thin air!
The magic dart hits you.
You miss something.
You hear some strange, mumbled words.
A puff of flame appears from out of thin air!
The puff of flame hits you.
You closely miss something. You closely miss something.
Something hits you but does no damage.
You barely miss something. You miss something.
The orc wizard casts a spell at you.
You hear some strange, mumbled words.
A magic dart appears from out of thin air!
The magic dart hits you.
You are too injured to fight recklessly!
You are too injured to fight recklessly!
You are too injured to fight recklessly!
You are too injured to fight recklessly!
You are too injured to fight recklessly!
You are too injured to fight recklessly!
You are too injured to fight recklessly!
You are too injured to fight recklessly!
You are too injured to fight recklessly!
You are too injured to fight recklessly!
You are too injured to fight recklessly!
You are too injured to fight recklessly!
You are too injured to fight recklessly!
You are too injured to fight recklessly!
You are too injured to fight recklessly!
You are too injured to fight recklessly!
You are too injured to fight recklessly!
You are too injured to fight recklessly!
You are too injured to fight recklessly!
You are too injured to fight recklessly!
You are too injured to fight recklessly!
Okay, then.
Okay, then.
You barely miss something. Something hits you but does no damage.
You miss something.
The orc wizard mumbles some strange words.
The orc wizard blinks!
Something barely misses you.
You miss something. Something hits you but does no damage.
You barely miss something.
The orc wizard mumbles some strange words.
The orc wizard seems to speed up.
You hear some strange, mumbled words.
A puff of flame appears from out of thin air!
The puff of flame misses you.
You closely miss something. Something hits you.
You hit something but do no damage. Something hits you but does no damage.
The orc wizard casts a spell.
The orc wizard blinks!
Things that are here:
a +0 chain mail; an orc skeleton You hear some strange, mumbled words.
A puff of flame appears from out of thin air!
The puff of flame hits you!
* * * LOW HITPOINT WARNING * * *
A magic dart appears from out of thin air!
The magic dart hits you.
You die...

#.# #.# #.#
#.# ##[######
#o# #)......#
#.# #######.#
#o# #.# #{#
#.# #.# #.#
#.# #.#
#@####### #.#
#.......#
#.#########.#
#.........#.#
#########.#.#
##.#.# #..#.#
#.##^# #.##.#


You could see an orc wizard and an orc.

Vanquished Creatures
  2 worms (D:2)
  3 leopard geckos
  2 orcs
  3 giant cockroaches (D:2)
  4 goblins
  5 hobgoblins
  7 kobolds
  A quokka (D:2)
  4 bats
  3 frilled lizards
  3 rats (D:1)
37 creatures vanquished.

Notes
Turn   | Place    | Note
-------+----------+-------------------------------------------
     0 | D:1      | MisterOstroum the Fairy Fighter began the quest for the
                  | Orb.
     0 | D:1      | Reached XP level 1. HP: 15/15 MP: 3/3
   216 | D:1      | Reached XP level 2. HP: 20/20 MP: 4/4
  1000 | D:2      | Reached XP level 3. HP: 26/26 MP: 5/5
  1829 | D:3      | Killed from afar by an orc wizard

Skill      XL: |  1  2 |
---------------+-------+-----
Fighting       | 3 |  3.2
Short Blades   | 3 |  3.5
Dodging        | |  4.0
Shields        | |  3.6

Action                   || total
-------------------------++-------
Melee: Rapier            ||   133
 Fire: Hunting sling     ||    10
Throw: Stone             ||    48
  Eat: Chunk             ||     7
Armor: Skin              ||    21
Dodge: Dodged            ||    77
Block: Other             ||    17
